Map: Polka LE

Players

jachuu

  • Race: Zerg Zerg
  • League: Diamond
  • Spawn Location: 5:00

RMziom

  • Race: Protoss Protoss
  • League: Diamond
  • Spawn Location: 5:00

qqq

  • Race: Zerg Zerg
  • Spawn Location: 11:00

Massa

  • Race: Terran Terran
  • League: Platinum
  • Spawn Location: 11:00

VOD

Have the link to the VOD?

Description

Time

  • Played on: Oct. 26, 2020, 4:59 p.m.
  • Length: 17:03
Show
View Real Time Build Order
Export as new Build Order

jachuu Zerg 

Build Orders: Hatch First, Zergling Baneling 

Get SALT Encoding   

  12  0:01  Drone  
  13  0:12  Overlord  
  13  0:17  Drone  
  14  0:30  Drone x2  
  14  0:35  Drone  
  17  0:54  Drone  
  18  0:58  Hatchery  
  17  1:04  Drone  
  18  1:11  Extractor  
  18  1:14  Spawning Pool  
  18  1:16  Drone  
  17  1:19  Drone  
  18  1:27  Drone  
  19  1:38  Overlord  
  19  1:49  Drone  
  20  2:01  Queen  
  20  2:02  Drone  
  23  2:10  Queen  
  23  2:11  Drone x2  
  27  2:19  Metabolic Boost  
  27  2:23  Drone x2  
  29  2:35  Drone x2  
  31  2:44  Drone x2  
  31  2:45  Queen  
  35  2:54  Baneling Nest  
  34  3:10  Zergling x4  
  34  3:11  Overlord  
  36  3:15  Hatchery  
  35  3:20  Overlord  
  35  3:21  Zergling x2  
  36  3:33  Drone x6  
  42  3:37  Overlord  
  42  3:39  Baneling x2  
  42  3:40  Baneling  
  42  3:45  Drone x4  
  46  3:51  Extractor  
  46  3:52  Roach Warren  
  46  3:54  Evolution Chamber  
  43  3:57  Drone x2  
  43  3:58  Drone  
  43  4:01  Spore Crawler  
  45  4:07  Spore Crawler  
  44  4:10  Lair  
  44  4:14  Pneumatized Carapace  
  44  4:15  Extractor  
  43  4:21  Zergling x8  
  47  4:31  Zergling x12  
  51  4:40  Zergling x10  
  51  4:43  Baneling x2  
  51  4:44  Baneling  
  55  4:47  Overlord  
  55  4:55  Zergling x6  
  55  4:59  Baneling  
  58  5:00  Baneling x2  
  57  5:10  Baneling x3  
  57  5:16  Drone x3  
  57  5:17  Drone x4  
  54  5:30  Drone x2  
  54  5:31  Drone x4  
  60  5:39  Zerg Melee Weapons Level 1  
  55  6:04  Zergling x4  
  55  6:05  Zergling x20  
  55  6:10  Drone  
  65  6:30  Spire  
  60  6:36  Zergling x12  
  62  6:56  Extractor  
  61  7:09  Drone x5  
  65  7:23  Drone  
  59  8:01  Zergling x14  
  59  8:41  Zerg Flyer Weapons Level 1  
  59  8:42  Overlord x2  
  58  8:49  Overlord x2  
  58  8:58  Centrifical Hooks  
  58  9:00  Queen  
  58  9:01  Zerg Ground Armor Level 1, Glial Reconstitution  
  59  9:16  Zergling x28  
  68  9:34  Extractor  
  68  9:36  Extractor  
  66  9:52  Overlord x2  
  66  10:03  Drone x6  
  75  10:07  Drone x3  
  75  10:11  Baneling x4  
  75  10:12  Baneling x5  
  75  10:18  Overlord x2  
  75  10:25  Hatchery  
  75  10:26  Overseer x2  
  74  10:53  Mutalisk x2  
  74  10:54  Mutalisk x11  
  74  10:55  Zerg Melee Weapons Level 2  
  100  11:09  Overlord x4  
  100  11:17  Baneling x3  
  100  11:18  Drone x3  
  100  11:19  Drone x3  
  106  11:37  Baneling x2  
  106  11:38  Baneling x2  
  104  12:07  Drone x3  
  107  12:13  Spire  
  93  12:38  Zergling x58  
  93  12:41  Drone x5  
  127  12:48  Overlord  
  127  13:26  Drone x11  
  136  13:29  Extractor, Mutalisk x4  
  136  13:30  Extractor  
  142  14:12  Zerg Flyer Weapons Level 2  
  142  14:15  Zerg Ground Armor Level 2  
  142  14:33  Baneling x9  
  142  14:34  Baneling x7  
  132  14:48  Baneling  
  132  14:49  Baneling x22  
  132  14:50  Baneling x16  
  122  15:03  Drone  
  122  15:04  Drone x2  
  125  15:11  Queen  
  127  15:40  Hatchery  
  115  16:08  Hatchery  
  83  16:29  Mutalisk x17  
  83  16:30  Mutalisk x10  
  137  16:32  Extractor  
  130  17:03  Infestation Pit  
Show
View Real Time Build Order
Export as new Build Order

RMziom Protoss 

Build Orders: Cannon Rush 

Get SALT Encoding   

  12  0:00  Probe  
  13  0:12  Probe  
  14  0:23  Pylon  
  14  0:24  Probe  
  15  0:41  Probe (Chrono Boost), Forge  
  16  0:53  Probe (Chrono Boost)  
  17  0:57  Probe (Chrono Boost)  
  18  1:08  Pylon  
  18  1:25  Pylon  
  17  1:38  Photon Cannon  
  17  1:39  Photon Cannon  
  17  1:41  Photon Cannon  
  17  1:45  Pylon  
  17  1:47  Pylon  
  16  2:15  Assimilator  
  16  2:17  Probe (Chrono Boost), Pylon  
  16  2:19  Assimilator  
  16  2:21  Pylon  
  17  2:26  Probe (Chrono Boost)  
  18  2:31  Probe (Chrono Boost)  
  18  2:33  Gateway  
  19  2:43  Probe (Chrono Boost)  
  21  2:52  Probe (Chrono Boost)  
  21  2:57  Probe  
  21  3:02  Photon Cannon  
  22  3:10  Probe  
  22  3:20  Cybernetics Core  
  22  3:23  Photon Cannon  
  22  3:28  Probe  
  22  3:32  Protoss Ground Weapons Level 1 (Chrono Boost)  
  23  3:44  Pylon  
  23  4:02  Stargate  
  23  4:07  Twilight Council  
  23  4:10  Photon Cannon  
  23  4:12  Warp Gate (Chrono Boost)  
  23  4:27  Pylon  
  23  4:49  Nexus  
  23  4:50  Oracle  
  26  4:56  Pylon  
  26  5:09  Dark Shrine  
  26  5:20  Gateway  
  26  5:23  Gateway  
  26  5:27  Void Ray (Chrono Boost)  
  30  5:49  Pylon  
  30  5:54  Pylon  
  30  6:36  Dark Templar  
  30  6:37  Dark Templar x2  
  30  6:38  Probe x2  
  38  6:43  Assimilator  
  38  6:47  Assimilator  
  38  6:50  Probe x2  
  40  7:02  Probe x2  
  36  7:14  Probe x2  
  38  7:26  Probe x2  
  40  7:38  Probe x2  
  42  7:48  Gateway  
  42  7:49  Gateway  
  42  7:50  Probe  
  42  7:51  Probe, Gateway  
  44  7:59  Protoss Ground Weapons Level 2 (Chrono Boost)  
  44  8:02  Probe  
  44  8:03  Probe  
  46  8:05  Charge (Chrono Boost)  
  46  8:15  Probe x2, Pylon  
  46  8:19  Pylon  
  48  8:20  Pylon  
  48  8:21  Pylon  
  49  8:27  Probe  
  49  8:40  Robotics Facility  
  49  8:42  Photon Cannon  
  49  8:51  Photon Cannon  
  49  8:55  Photon Cannon  
  46  9:19  Dark Templar x4  
  50  9:36  Void Ray (Chrono Boost)  
  50  9:39  Archon x2  
  50  9:40  Blink (Chrono Boost)  
  54  9:48  Observer (Chrono Boost)  
  54  10:01  Observer (Chrono Boost)  
  54  10:06  Void Ray  
  55  10:08  Zealot x6  
  71  10:38  Immortal (Chrono Boost)  
  75  10:43  Nexus  
  75  10:45  Observer, Dark Templar x4  
  83  11:01  Dark Templar x2  
  87  11:07  Pylon  
  87  11:09  Pylon  
  87  11:11  Immortal  
  91  11:15  Void Ray  
  95  11:31  Fleet Beacon  
  95  11:33  Protoss Air Weapons Level 1 (Chrono Boost)  
  95  11:38  Archon x3  
  95  11:39  Shadow Stride (Chrono Boost)  
  95  11:47  Gateway  
  95  11:49  Gateway  
  95  11:55  Immortal (Chrono Boost)  
  100  12:01  Probe  
  100  12:02  Probe  
  100  12:07  Probe  
  102  12:13  Probe  
  102  12:14  Probe, Protoss Shields Level 1 (Chrono Boost)  
  104  12:24  Gateway  
  104  12:30  Pylon  
  104  12:37  Mothership (Chrono Boost)  
  112  12:52  Assimilator  
  112  12:53  Assimilator  
  112  13:04  Photon Cannon  
  112  13:05  Probe x2  
  114  13:07  Photon Cannon  
  114  13:14  Photon Cannon  
  114  13:17  Probe  
  114  13:18  Probe  
  116  13:29  Probe  
  116  13:31  Probe  
  116  13:33  Pylon  
  116  13:34  Pylon, Dark Templar  
  118  13:35  Pylon, Dark Templar  
  122  13:41  Probe  
  122  13:43  Probe  
  124  13:53  Probe  
  125  14:10  Zealot x2  
  125  14:11  Zealot x6  
  141  14:18  Immortal (Chrono Boost)  
  145  14:24  Protoss Shields Level 2 (Chrono Boost)  
  145  14:46  Dark Templar x6  
  145  14:47  Dark Templar x2  
  161  15:05  Shield Battery x2  
  161  15:07  Shield Battery  
  160  15:43  Carrier (Chrono Boost)  
  160  15:49  Nexus  
  166  15:59  Zealot x5  
  166  16:00  Zealot x2  
  164  16:34  Stalker x5  
  164  16:35  Stalker x3  
Show
View Real Time Build Order
Export as new Build Order

qqq Zerg 

Build Orders: Hatch First, Lurkers 

Get SALT Encoding   

  12  0:00  Drone  
  13  0:08  Drone  
  14  0:38  Hatchery  
  13  0:44  Drone  
  14  0:59  Spawning Pool  
  14  1:03  Overlord  
  13  1:07  Drone  
  13  1:10  Extractor  
  13  1:24  Drone  
  13  1:25  Drone  
  15  2:06  Zergling x2  
  15  2:07  Zergling x2  
  15  2:08  Drone  
  18  2:09  Queen  
  18  2:11  Queen  
  22  2:17  Drone  
  23  2:24  Zergling x2  
  24  2:38  Drone  
  24  2:40  Spine Crawler  
  24  2:44  Metabolic Boost  
  23  2:56  Zergling x2  
  23  2:57  Drone  
  25  3:04  Baneling Nest  
  24  3:07  Zergling x2  
  24  3:10  Drone  
  26  3:25  Zergling x2  
  26  3:26  Zergling x2  
  28  3:30  Overlord  
  28  3:46  Overlord  
  28  3:47  Lair  
  29  3:48  Zergling x2  
  29  3:57  Drone  
  29  3:58  Drone  
  31  4:07  Zergling x4  
  31  4:08  Drone  
  34  4:11  Baneling x2  
  34  4:15  Zergling x2  
  35  4:17  Drone  
  35  4:20  Drone  
  32  4:43  Zergling x6  
  32  4:44  Zergling x2  
  32  4:45  Zergling x4  
  36  4:52  Drone x2, Hydralisk Den  
  37  4:54  Drone  
  37  4:57  Drone  
  37  4:59  Drone  
  39  5:10  Baneling  
  39  5:20  Baneling x2  
  39  5:25  Drone x5  
  44  5:29  Overlord  
  44  5:38  Lurker Den  
  44  5:39  Drone  
  44  5:41  Extractor, Drone  
  42  6:05  Zergling x10  
  43  6:12  Drone  
  43  6:13  Drone, Zergling x4  
  43  6:15  Queen  
  36  6:35  Queen  
  36  6:36  Hydralisk x3  
  36  6:38  Drone x3  
  47  6:51  Queen  
  49  6:57  Drone x2  
  49  7:00  Extractor  
  50  7:02  Extractor  
  49  7:20  Spore Crawler  
  49  7:22  Spore Crawler  
  47  7:27  Drone x3  
  47  7:28  Drone  
  47  7:29  Hatchery, Overlord  
  50  7:33  Lurker  
  51  8:01  Hydralisk x2  
  51  8:09  Lurker x2  
  50  8:22  Hydralisk x4  
  50  8:25  Overseer  
  58  8:44  Hydralisk x2  
  58  8:45  Hydralisk  
  64  9:01  Overlord  
  64  9:02  Overlord  
  64  9:11  Lurker  
  65  9:19  Queen  
  68  9:24  Drone x4  
  71  9:51  Lurker x5  
  71  9:52  Lurker x3  
  79  9:57  Drone x2  
  81  10:00  Overlord  
  81  10:11  Evolution Chamber, Overlord  
  80  10:15  Drone  
  80  10:18  Overlord  
  81  10:29  Hydralisk x2  
  81  10:34  Drone x2  
  81  10:35  Drone  
  88  10:40  Hydralisk  
  87  10:44  Muscular Augments  
  87  10:46  Drone  
  87  10:49  Drone  
  89  10:51  Drone  
  89  10:53  Drone  
  89  10:55  Drone  
  92  11:03  Hydralisk  
  92  11:04  Hydralisk  
  92  11:08  Overlord  
  92  11:10  Drone  
  97  11:12  Drone  
  97  11:13  Drone  
  97  11:15  Drone  
  97  11:17  Drone  
  101  11:19  Drone  
  101  11:21  Drone  
  103  11:31  Hydralisk x3  
  109  11:55  Queen x2  
  109  11:58  Overlord x5  
  113  12:04  Spore Crawler  
  113  12:05  Queen, Spore Crawler  
  113  12:09  Overlord x2  
  113  12:12  Zerg Missile Weapons Level 1  
  113  12:17  Infestation Pit  
  113  12:19  Spore Crawler  
  111  12:27  Grooved Spines  
  111  12:28  Hydralisk x2  
  115  12:44  Queen  
  115  12:46  Drone x7  
  115  12:47  Drone x2  
  115  12:49  Hydralisk  
  128  13:04  Hive  
  128  13:13  Nydus Network  
  127  13:26  Zergling x8  
  131  13:40  Hatchery  
  130  13:53  Hydralisk x2  
  130  13:54  Hydralisk x4  
  142  13:56  Drone x3  
  145  14:06  Zerg Ground Armor Level 1  
  145  14:11  Hatchery  
  145  14:14  Hydralisk x2  
  148  14:17  Nydus Canal  
  148  14:19  Hydralisk x2  
  148  14:23  Drone x2  
  142  15:03  Drone x2  
  142  15:04  Drone x3, Hydralisk x4  
  142  15:05  Hydralisk x2  
  159  15:13  Seismic Spines  
  159  15:17  Nydus Canal  
  159  15:19  Drone x2  
  161  15:22  Extractor  
  161  15:24  Extractor  
  159  15:33  Nydus Canal  
  159  15:37  Queen x2  
  159  15:38  Queen x2  
  164  15:44  Viper x3  
  173  16:09  Hatchery  
  172  16:12  Queen  
  172  16:17  Queen  
  97  16:44  Drone x6  
Show
View Real Time Build Order
Export as new Build Order

Massa Terran 

Build Orders: 2 Factory 

Get SALT Encoding   

  12  0:00  SCV  
  13  0:12  SCV  
  14  0:23  Supply Depot  
  14  0:25  SCV  
  15  0:29  Refinery  
  15  0:45  SCV  
  15  0:47  Barracks  
  16  0:57  SCV  
  17  1:09  SCV  
  18  1:21  SCV  
  19  1:33  SCV  
  19  1:36  Reaper  
  21  1:57  Factory  
  21  2:00  Refinery  
  21  2:19  Supply Depot  
  21  2:30  Supply Depot x2  
  21  2:32  Factory  
  21  2:42  Supply Depot  
  21  2:45  Bunker  
  21  2:51  Marine  
  22  2:53  Supply Depot  
  22  3:08  Hellion, Marine  
  25  3:27  Orbital Command  
  24  3:39  Marine  
  24  3:40  Hellion  
  27  3:49  Hellion  
  29  3:57  Marine  
  29  4:01  Factory Tech Lab  
  30  4:07  Starport  
  30  4:11  Hellion  
  30  4:15  Marine  
  33  4:22  Siege Tank  
  36  4:32  Hellion  
  36  4:33  Marine  
  36  4:35  SCV  
  40  4:45  Medivac  
  40  4:47  SCV  
  43  4:54  Widow Mine  
  45  5:00  Supply Depot  
  45  5:15  Widow Mine  
  41  5:39  Hellion  
  43  5:52  Barracks  
  43  5:55  Medivac  
  43  5:56  Command Center  
  45  6:01  Hellion  
  47  6:22  Hellion  
  49  6:25  Marine  
  49  6:30  Engineering Bay  
  50  6:43  Marine  
  51  6:47  Widow Mine  
  48  6:59  Marine  
  49  7:01  Marine  
  48  7:17  Marine  
  48  7:19  Marine  
  44  7:32  SCV  
  44  7:35  Marine  
  44  7:37  Liberator, Marine  
  46  7:39  Missile Turret  
  46  7:41  Siege Tank  
  53  7:45  SCV, Orbital Command  
  54  7:53  Marine  
  54  7:54  Marine  
  54  7:57  SCV  
  51  8:09  SCV  
  49  8:13  Siege Tank  
  49  8:19  Barracks Tech Lab  
  51  8:20  Barracks Reactor  
  51  8:21  SCV  
  52  8:33  SCV  
  50  8:39  SCV  
  51  8:45  SCV, Missile Turret x2  
  51  8:47  Missile Turret  
  52  8:51  SCV, Stimpack  
  53  8:57  SCV  
  54  9:03  SCV  
  54  9:09  SCV  
  56  9:15  SCV  
  57  9:21  SCV  
  51  9:29  Missile Turret  
  43  9:35  SCV  
  43  9:36  SCV  
  45  9:44  Command Center  
  45  9:48  SCV x2  
  45  9:52  Medivac  
  49  10:00  SCV x2  
  51  10:10  Marauder, Marine x2  
  51  10:12  SCV x2  
  57  10:24  SCV x2  
  57  10:27  Marine  
  57  10:28  Marine  
  61  10:31  Marauder, Combat Shield  
  61  10:32  Missile Turret  
  60  10:36  SCV x2  
  62  10:45  Marine x2  
  62  10:48  SCV x2  
  62  10:49  Refinery  
  66  10:51  Refinery  
  66  10:55  Planetary Fortress  
  66  10:59  Missile Turret  
  66  11:00  SCV x2  
  68  11:05  Marauder, Marine x2  
  72  11:12  SCV x2  
  74  11:19  Missile Turret  
  74  11:22  Marine  
  74  11:23  Marine  
  74  11:24  SCV  
  74  11:25  SCV  
  78  11:26  Marine  
  79  11:33  SCV  
  79  11:36  SCV  
  81  11:40  Marine x2  
  81  11:42  Missile Turret  
  81  11:43  Marine  
  81  11:46  SCV  
  83  11:56  Command Center  
  83  12:02  Missile Turret  
  83  12:07  Marine x3  
  85  12:17  Supply Depot  
  85  12:18  Supply Depot x2  
  85  12:19  Supply Depot  
  85  12:20  Supply Depot  
  85  12:22  Supply Depot  
  85  12:29  Barracks  
  85  12:39  Marine x3  
  88  12:56  Marine  
  88  12:57  Marine x2, Medivac  
  93  12:59  Missile Turret  
  93  13:03  SCV  
  93  13:04  SCV  
  95  13:14  Marine  
  95  13:15  SCV, Marine x2  
  95  13:16  SCV, Barracks Tech Lab  
  100  13:21  Command Center  
  100  13:27  SCV, Medivac  
  100  13:28  SCV  
  100  13:33  Marauder, Marine  
  100  13:34  Marine  
  107  13:39  SCV, Siege Tank  
  107  13:40  SCV  
  113  13:43  Marauder  
  115  13:52  SCV x2  
  115  13:55  Marauder  
  119  13:57  Orbital Command  
  119  14:04  SCV x2  
  121  14:16  SCV  
  122  14:21  Marauder x2, Marine  
  122  14:22  Marine  
  118  14:29  Siege Tank  
  121  14:38  Marine  
  121  14:39  Marine  
  121  14:42  Marauder x2  
  127  14:54  Barracks  
  127  14:56  Marine, Missile Turret  
  127  14:57  Marine  
  127  14:59  Missile Turret  
  129  15:01  Missile Turret, Siege Tank  
  129  15:02  Missile Turret  
  129  15:03  Marauder, Missile Turret  
  129  15:04  Marauder  
  136  15:14  Marine  
  136  15:15  Marine  
  136  15:17  Viking  
  140  15:25  Marauder x2  
  144  15:32  Marine  
  145  15:46  Marauder x2  
  145  15:47  Viking  
  151  15:55  SCV x2  
  137  16:07  SCV x2  
  139  16:12  Command Center  
  139  16:17  Viking  
  79  16:18  Supply Depot  
  79  16:19  SCV x2  
  76  16:26  Marauder x2  
  76  16:27  Marine  
  76  16:31  SCV x2  
  76  16:32  Barracks Tech Lab  
  79  16:42  Supply Depot  
Tags
 
Add a new tag
Caveats
  • Supply blocks, unpowered buildings, or Contaminate may cause inaccurate times.
  • Supply counts are checked every 10 seconds.